 Dungeon Crawl Stone Soup version 0.23-a0-703-gdf2d5e0dd9 (webtiles) character file.

6001 EnegeticOcto the Quickloader (level 11, -1/73 HPs)
             Began as a Kobold Hunter on Jan 13, 2019.
             Was an Elder of Okawaru.
             Shot with a sling bullet by Joseph (6 damage)
             ... on level 9 of the Dungeon.
             The game lasted 00:17:27 (15488 turns).

EnegeticOcto the Quickloader (Kobold Hunter)       Turns: 15488, Time: 00:17:28

Health: -1/73      AC: 13    Str: 13    XL:     11   Next: 10%
Magic:  0/16       EV: 11    Int: 12    God:    Okawaru [****..]
Gold:   497        SH:  0    Dex: 16    Spells: 10/10 levels left

rFire    . . .     SeeInvis .   a - +1 hand crossbow
rCold    + . .     Gourm    .   (shield restricted)
rNeg     . . .     Faith    .   z - +1 chain mail {rC+}
rPois    .         Spirit   +   m - +1 helmet
rElec    .         Reflect  .   r - -2 cloak
rCorr    .         Harm     .   w - +0 pair of gloves
MR       .....                  (no boots)
Stlth    ..........             j - amulet of guardian spirit
HPRegen  0.22/turn              (no ring)
MPRegen  0.15/turn              (no ring)

@: confused, heroism, drained
A: small, carnivore
a: Heroism, Renounce Religion


You were on level 9 of the Dungeon.
You worshipped Okawaru.
Okawaru was greatly pleased with you.
You were full.

You visited 2 branches of the dungeon, and saw 10 of its levels.
You also visited: Sewer.

You collected 497 gold pieces.

Inventory:

Hand Weapons
 a - a +1 hand crossbow (weapon)
 b - a +2 short sword of venom
 A - a +1 scimitar of flaming
Missiles
 d - 58 bolts (quivered)
 n - a throwing net {!f}
Armour
 m - a +1 helmet (worn)
 r - a -2 cloak (worn)
 w - a +0 pair of gloves (worn)
 z - a +1 chain mail of cold resistance (worn)
Jewellery
 j - an amulet of guardian spirit (around neck)
Wands
 c - a wand of scattershot (9)
 h - a wand of acid (3)
 o - a wand of flame (18)
 q - a wand of iceblast (13)
 y - a wand of disintegration (11)
Scrolls
 e - 2 scrolls of fog
 i - 5 scrolls of magic mapping {@r5 !r}
 p - a scroll of enchant weapon
 t - a scroll of teleportation {@r3 !r}
 x - 3 scrolls of identify {@r1}
Potions
 g - 3 potions of haste {unknown}
 k - a potion of flight {unknown}
 l - a potion of resistance {unknown}
 s - 3 potions of mutation
 v - a potion of cancellation {unknown}
Comestibles
 f - 15 rations


   Skills:
 + Level 10.5(15.5) Fighting
 + Level 12.0(17.0) Crossbows
 - Level 2.5(7.4) Dodging
 - Level 1.5(6.5) Stealth
 - Level 6.0(5.9) Invocations
 + Level 7.8 Evocations


You had 10 spell levels left.
You didn't know any spells.
Your spell library contained the following spells:

 Spells                   Type           Power        Failure   Level  Hunger
 Confusing Touch          Hex            #.....       100%        1    ##.....
 Summon Butterflies       Summ           #.......     100%        1    ##.....
 Call Canine Familiar     Summ           #.......     100%        3    ####...
 Confuse                  Hex            #.......     100%        3    ####...
 Gell's Gravitas          Tloc           #.........   100%        3    ####...
 Petrify                  Tmut/Erth      #.......     100%        4    #####..
 Summon Ice Beast         Ice/Summ       #.......     100%        4    #####..
 Irradiate                Conj/Tmut      #.........   100%        5    ######.
 Metabolic Englaciation   Hex/Ice        #.........   100%        5    ######.
 Summon Mana Viper        Hex/Summ       #.......     100%        5    ######.
 Yara's Violent Unravell  Hex/Tmut       #.........   100%        5    ######.
 Hydra Form               Tmut           #.........   100%        6    #######
 Statue Form              Tmut/Erth      #........    100%        6    #######
 Dragon Form              Tmut           #.........   100%        7    #######
 Summon Hydra             Summ           #.........   100%        7    #######


Dungeon Overview and Level Annotations

Branches:
Dungeon (9/15)             Temple (1/1) D:5
   Lair: D:8-11         Orc: D:9-12

Altars:
Ashenzari
Cheibriados
Dithmenos
Elyvilon
Fedhas
Hepliaklqana
Makhleb
Nemelex Xobeh
Okawaru
Qazlal
Ru
Sif Muna
Trog
Uskayaw
Vehumet
Wu Jian
Xom
Yredelemnul
Zin

Shops:
D:4 %

Annotations:
D:3 1 runed door, Brecoman's ghost, amateur DrTm
D:9 Joseph


Innate Abilities, Weirdness & Mutations

You are small and have problems with some larger weapons.
You are carnivorous and can eat meat at any time.


Message History

In your confused state, you trip and fall back down the stairs.
Joseph shoots a sling bullet.
The sling bullet hits you.
In your confused state, you trip and fall back down the stairs.
Joseph shoots a sling bullet.
The sling bullet hits you!
* * * LOW HITPOINT WARNING * * *
Joseph shoots a sling bullet.
The sling bullet hits you!
* * * LOW HITPOINT WARNING * * *
In your confused state, you trip and fall back down the stairs.
* * * LOW HITPOINT WARNING * * *
Joseph zaps a wand.
You easily resist.
You feel better.
Joseph shoots a sling bullet.
The sling bullet hits you.
* * * LOW HITPOINT WARNING * * *
Joseph zaps a wand.
Your will is overpowered!
You are confused.
In your confused state, you trip and fall back down the stairs.
* * * LOW HITPOINT WARNING * * *
Joseph zaps a wand.
Your will is overpowered!
You are more confused.
Joseph shoots a sling bullet.
The sling bullet hits you!
You die...

...############
.......@......(
...............
...............
..........###..
.........## .
...$.....#
.....@...#
#...(.....


You could see Joseph.

Vanquished Creatures
  Erica (D:8)
  A manticore (D:8)
  Prince Ribbit (D:8)
  A hippogriff (D:8)
  A human (D:8)
  A hungry ghost (D:8)
  3 orc warriors (D:8)
  2 ice beasts
  A sky beast (D:8)
  A black bear (D:6)
  2 ogres
  A phantom (D:4)
  4 necrophages
  7 centaurs
  A gnoll sergeant (D:8)
  3 bullfrogs
  A water moccasin skeleton (D:7)
  7 scorpions
  3 killer bees (D:7)
  A wight (D:8)
  3 jellies
  A howler monkey (D:7)
  2 centaur zombies (D:9)
  A bullfrog skeleton (D:8)
  9 orc priests
  2 centaur skeletons
  7 orc wizards
  A hound (D:8)
  Jessica (D:3)
  Terence (D:3)
  3 iguanas
  6 worker ants
  2 hound skeletons
  A mummy (D:8)
  9 gnolls
  A howler monkey skeleton (D:9)
  17 adders
  2 river rats (D:4)
  3 shadow imps
  15 oozes
  An adder zombie (D:7)
  2 adder skeletons
  A worm (D:2)
  4 dart slugs
  14 leopard geckos
  51 orcs
  8 ball pythons
  17 giant cockroaches
  10 goblins
  17 hobgoblins
  14 jackals
  3 quokkas
  6 bats
  13 frilled lizards
  A jackal skeleton (D:8)
  A jackal zombie (D:9)
  11 kobolds
  A leopard gecko zombie (D:5)
  2 quokka skeletons (D:4)
  9 rats
316 creatures vanquished.

Notes
Turn   | Place    | Note
-------+----------+-------------------------------------------
     0 | D:1      | EnegeticOcto the Kobold Hunter began the quest for the Orb.
     0 | D:1      | Reached XP level 1. HP: 12/12 MP: 1/1
    10 | D:1      | Reached skill level 5 in Crossbows
    18 | D:1      | Reached XP level 2. HP: 18/18 MP: 2/2
   663 | D:1      | Reached XP level 3. HP: 22/22 MP: 3/3
  2369 | D:2      | Reached XP level 4. HP: 28/28 MP: 4/4
  2397 | D:2      | Found a burning altar of Makhleb.
  2397 | D:2      | Noticed a cacodemon
  2653 | D:3      | Noticed Terence
  2660 | D:3      | Killed Terence
  2660 | D:3      | Reached skill level 6 in Crossbows
  2660 | D:3      | Reached XP level 5. HP: 29/33 MP: 5/5
  3533 | D:3      | Noticed Jessica
  3538 | D:3      | Reached XP level 6. HP: 37/39 MP: 6/6
  3549 | D:3      | Killed Jessica
  3780 | D:3      | Found a runed door.
  3789 | D:3      | Noticed Brecoman's ghost (amateur DrTm)
  4407 | D:4      | Noticed a phantom
  4421 | D:4      | Reached skill level 5 in Fighting
  4421 | D:4      | Reached skill level 7 in Crossbows
  4426 | D:4      | Killed a phantom
  4436 | D:4      | Found Sesmap's Food Boutique.
  4473 | D:4      | Reached XP level 7. HP: 36/44 MP: 7/7
  4624 | D:4      | Found a glowing drain.
  4635 | Sewer    | Entered a sewer
  5425 | Sewer    | Reached skill level 8 in Crossbows
  6180 | Sewer    | Reached XP level 8. HP: 32/52 MP: 8/8
  6880 | D:4      | Reached skill level 9 in Crossbows
  7425 | D:5      | Entered Level 5 of the Dungeon
  7609 | D:5      | Found a staircase to the Ecumenical Temple.
  7633 | Temple   | Entered the Ecumenical Temple
  7738 | Temple   | Became a worshipper of Warmaster Okawaru
  7847 | D:5      | Reached skill level 1 in Invocations
  8739 | D:6      | Reached skill level 1 in Evocations
  8838 | D:6      | Reached XP level 9. HP: 30/59 MP: 10/10
  9046 | D:6      | Found a shattered altar of Ashenzari.
  9230 | D:6      | Reached * piety under Okawaru
  9254 | D:6      | Reached skill level 10 in Crossbows
 10874 | D:7      | Found a radiant altar of Vehumet.
 11381 | D:7      | Reached ** piety under Okawaru
 11755 | D:8      | Noticed Prince Ribbit
 11764 | D:8      | Killed Prince Ribbit
 11764 | D:8      | Reached XP level 10. HP: 49/65 MP: 9/13
 11771 | D:8      | Reached skill level 5 in Evocations
 11782 | D:8      | Reached skill level 5 in Invocations
 12407 | D:8      | Reached skill level 11 in Crossbows
 12662 | D:8      | Noticed a manticore
 12673 | D:8      | Killed a manticore
 13308 | D:8      | Reached *** piety under Okawaru
 13973 | D:9      | Noticed Joseph
 13973 | D:9      | Noticed Erica
 13988 | D:8      | Killed Erica
 13988 | D:8      | Reached skill level 10 in Fighting
 14225 | D:9      | Reached **** piety under Okawaru
 14375 | D:8      | Reached XP level 11. HP: 44/72 MP: 9/16
 15004 | D:8      | Reached skill level 12 in Crossbows
 15488 | D:9      | Shot with a sling bullet by Joseph

Vault maps used:
D:1:      lightli_arrival_boilingwater, lemuel_flame_loot_1
D:2:      first_ration, makhleb_altar_promises_db
D:3:      corexii_shack_village, ebering_ghost_sewer_d,
          kennysheep_generic_room_15, uniq_terence, uniq_jessica
D:4:      serial_shops, shop, gup_sewer_entry_bubbles,
          chequers_serial_rivers_room_b
D:5:      minmay_temple_entry_mist
D:6:      ashenzari_altar_1
D:7:      vehumet_altar_wand_db, kennysheep_generic_room_14
D:8:      uniq_prince_ribbit1
D:9:      erik_orc_4, serial_undead, serial_undead_c, serial_undead_d,
          serial_undead_e, serial_undead_b, serial_undead_d, serial_undead_f,
          serial_undead_e, serial_undead_d, serial_undead_b, serial_undead_e,
          hangedman_little_slice_of_home, uniq_joseph, uniq_erica
Temple:   kilobyte_greek_temple
Sewer:    sewer_frog_island_02

Skill      XL: |  1  2  3  4  5  6  7  8  9 10 11 |
---------------+----------------------------------+-----
Crossbows      | 5 6 7 8 9 10 11 12 | 12.0
Fighting       | 3 4 5 6 8 9 10 | 10.5
Invocations    | 2 4 6 |  6.0
Evocations     | 1 4 7 |  7.8
Dodging        | |  2.5
Stealth        | |  1.5

Action                   |  1- 3 |  4- 6 |  7- 9 | 10-12 || total
-------------------------+-------+-------+-------+-------++-------
Melee: Short sword       |   133 |   189 |   633 |   208 ||  1163
       Unarmed           |       |       |    14 |       ||    14
       Scimitar          |       |       |       |    23 ||    23
       Punch             |       |       |       |     1 ||     1
 Fire: Hand crossbow     |    17 |    62 |    82 |    94 ||   255
Invok: Heroism           |       |       |       |     5 ||     5
Evoke: Wand              |       |       |       |    10 ||    10
  Use: Scroll            |       |     3 |    11 |       ||    14
       Potion            |       |       |     4 |     4 ||     8
 Stab: Sleeping          |     1 |       |       |       ||     1
  Eat: Chunk             |    13 |     7 |    23 |    18 ||    61
Armor: Leather armour    |    17 |       |       |       ||    17
       Scale mail        |       |    95 |   294 |    39 ||   428
       Skin              |       |       |    39 |       ||    39
       Chain mail        |       |       |       |   152 ||   152
Dodge: Dodged            |   103 |   172 |   564 |   187 ||  1026
       Rpst.: Scimitar   |       |       |       |     8 ||     8

Table legend:
 A = Non-vault XP
 B = Vault XP
 C = Vault XP percentage of total XP
 D = Non-vault monster count
 E = Vault monster count
 F = Vault count percentage of total count
                 A         B        C        D         E       F
            +---------+---------+-------+---------+---------+-------
      Total |    6012 |    2561 |  29.9 |     218 |      98 |  31.0
            +---------+---------+-------+---------+---------+-------
        D:1 |      35 |       0 |   0.0 |      18 |       0 |   0.0
        D:2 |      51 |       0 |   0.0 |      19 |       0 |   0.0
        D:3 |     138 |      98 |  41.5 |      42 |      16 |  27.6
        D:4 |     638 |      43 |   6.3 |      23 |       6 |  20.7
        D:5 |     243 |       0 |   0.0 |       9 |       0 |   0.0
        D:6 |     932 |       0 |   0.0 |      24 |       0 |   0.0
        D:7 |    1064 |       2 |   0.2 |      29 |       1 |   3.3
        D:8 |    2826 |    1740 |  38.1 |      52 |      10 |  16.1
        D:9 |      85 |     278 |  76.6 |       2 |       9 |  81.8
      Sewer |       0 |     400 | 100.0 |       0 |      56 | 100.0
            +---------+---------+-------+---------+---------+-------
